AoeStats
← LM | TornardoBriese

Black Forest

505093593Analyzed
4v4 RM · 25d ago on Sep 7, 2026· 30m 42s· 8 players
Game mode
Random Map
Map size
Large (8 player)
Population
200
Speed
Normal
Resources
Standard
Victory
Conquest
Starting age
Dark Age
Ending age
Imperial Age
RankedLock teamsTeams togetherTeam positionsShared explorationLock speedFull tech treeHidden civsTurbo modeCheats
Victory
Defeat
🇨🇳 Celts · China
1824
+12
🇧🇷 Khmer · Brazil
1765
+15
🇦🇷 Aztecs · Argentina
1747
+16
🇺🇸 Hindustanis · United States
1552
+24
🇩🇪 Poles · Germany
1875
-22
🇩🇪 Mongols · Germany
1855
-21
🇩🇪 Goths · Germany
1744
-17
🇨🇭 Turks · Switzerland
1463
-7
魔卡少女简狸狸
9:24 Feudal Age
10:51 Double-Bit Axe
10:47 Horse Collar
11:49 Loom
13:27 Scale Barding Armor
13:24 Scale Mail Armor
13:29 Scale Barding Armor
13:35 Scale Barding Armor
13:43 Scale Barding Armor
19:17 Castle Age
19:20 Wheelbarrow
20:11 Bow Saw
21:18 Husbandry
21:55 Hand Cart
22:15 Heavy Plow
23:36 Pikeman
24:24 Gold Mining
26:04 Light Cavalry
27:31 Chain Barding Armor
27:22 Forging
27:17 Scale Mail Armor
29:28 Chain Mail Armor
29:48 Iron Casting
Deadbeat Dan
10:09 Feudal Age
13:38 Castle Age
12:03 Double-Bit Axe
14:39 Bow Saw
14:20 Horse Collar
15:21 Heavy Plow
21:35 Wheelbarrow
22:34 Gold Mining
26:06 Imperial Age
23:26 Loom
24:11 Padded Archer Armor
25:10 Leather Archer Armor
25:44 Gold Shaft Mining
26:34 Stone Mining
27:48 Chemistry
27:21 Ring Archer Armor
30:42 Siege Engineers
30:59 Grand Trunk Road
31:20 Conscription
AceRx
0:41 Loom
10:07 Feudal Age
10:14 Man-at-Arms
12:14 Double-Bit Axe
16:39 Town Watch
21:40 Castle Age
21:25 Fletching
22:17 Bodkin Arrow
22:36 Bow Saw
22:13 Crossbowman
24:32 Horse Collar
25:29 Wheelbarrow
25:18 Heavy Plow
Mr Diniz
5:48 Loom
8:55 Feudal Age
10:37 Fletching
12:31 Padded Archer Armor
13:53 Town Watch
14:34 Double-Bit Axe
16:13 Horse Collar
19:53 Wheelbarrow
22:31 Castle Age
22:38 Crossbowman
23:53 Bodkin Arrow
29:12 Bow Saw
29:25 Heavy Plow
NOC | Mr.Dobbsn
10:26 Feudal Age
14:13 Castle Age
12:27 Horse Collar
12:35 Double-Bit Axe
13:48 Horse Collar
15:13 Bow Saw
15:08 Heavy Plow
22:31 Wheelbarrow
26:10 Imperial Age
24:14 Scale Barding Armor
23:56 Loom
25:28 Hand Cart
25:34 Chain Barding Armor
26:47 Szlachta Privileges
27:04 Bloodlines
28:30 Husbandry
27:51 Cavalier
29:25 Forging
LM | TornardoBriese
0:52 Loom
13:14 Feudal Age
17:21 Fletching
23:16 Castle Age
24:35 Bodkin Arrow
24:43 Padded Archer Armor
25:42 Double-Bit Axe
32:00 Imperial Age
NOC | shiXo.#
5:19 Loom
8:39 Feudal Age
9:18 Double-Bit Axe
8:59 Man-at-Arms
15:32 Fletching
17:04 Horse Collar
21:29 Wheelbarrow
24:20 Castle Age
22:42 Gold Mining
23:39 Stone Mining
LM \ Molle
0:31 Loom
11:10 Feudal Age
15:05 Castle Age
13:57 Double-Bit Axe
13:52 Horse Collar
16:42 Bow Saw
24:23 Wheelbarrow
23:33 Town Watch
25:18 Town Watch
26:50 Hand Cart
30:16 Imperial Age
29:23 Scale Mail Armor
29:34 Forging
30:07 Squires
Connection lost

Rejoining the realm…

Still unreachable

The connection could not be restored.

Session expired

The server has moved on; the page needs a fresh start.